 Dungeon Crawl Stone Soup version 0.21-a0-584-g185da8e (webtiles) character file.

56 vishdafish the Charmwright (level 3, -2/18 HPs)
             Began as a Vine Stalker Skald on Dec 20, 2017.
             Slain by Natasha (4 damage)
             ... on level 2 of the Dungeon.
             The game lasted 00:02:24 (2181 turns).

vishdafish the Charmwright (Vine Stalker Skald)     Turns: 2181, Time: 00:02:25

Health: -2/18      AC:  4    Str: 13    XL:     3   Next: 95%
Magic:  0/7        EV: 12    Int: 14    God:
Gold:   42         SH:  0    Dex: 13    Spells: 5/6 levels left

rFire    . . .     SeeInvis .   a - +0 hand axe
rCold    . . .     Gourm    .   (no shield)
rNeg     . . .     Faith    .   b - +0 leather armour
rPois    .         Spirit   +   (no helmet)
rElec    .         Reflect  .   (no cloak)
rCorr    +         Harm     .   f - +0 pair of gloves
MR       .....                  (no boots)
Stlth    +.........             (no amulet)
HPRegen  0.06/turn              j - ring of flight
MPRegen  0.10/turn              i - ring of resist corrosion

@: infused
A: fangs 2, magic shield, antimagic bite, no potion heal 3, rot immunity
a: Evoke Flight


You were on level 2 of the Dungeon.
You were not hungry.

You visited 1 branch of the dungeon, and saw 2 of its levels.

You collected 42 gold pieces.

Inventory:

Hand Weapons
 a - a +0 hand axe (weapon)
Armour
 b - a +0 leather armour (worn)
 f - a +0 pair of gloves (worn)
Jewellery
 i - a ring of resist corrosion (right hand)
 j - a ring of flight (left hand)
Scrolls
 e - 2 scrolls of magic mapping {unknown}
 g - a scroll of amnesia {unknown}
 h - a scroll of teleportation {unknown}
 k - a scroll of identify {unknown}
 n - a scroll of enchant weapon {unknown}
Potions
 l - a potion of berserk rage {unknown}
 m - a potion of flight {unknown}
Books
 c - a book of Battle

   Spells                             Type                      Level
   a - Infusion                       Charms                       1
   b - Shroud of Golubria             Charms/Translocation         2
   c - Song of Slaying                Charms                       2
   d - Spectral Weapon                Hexes/Charms                 3
   e - Regeneration                   Charms/Necromancy            3
Comestibles
 d - a ration


   Skills:
 + Level 2.2 Fighting
 * Level 2.7 Axes
 + Level 1.4 Armour
 + Level 2.1 Dodging
 - Level 2.1 Spellcasting
 - Level 3.0 Charms


You had 5 spell levels left.
You knew the following spells:

 Your Spells              Type           Power        Failure   Level  Hunger
a - Infusion              Chrm           #...         9%          1    #......


Dungeon Overview and Level Annotations

Branches:
Dungeon (2/15)

Altars:

Annotations:
D:2 Natasha


Innate Abilities, Weirdness & Mutations

You have extremely sharp teeth.
When hurt, damage is shared between your health and your magic reserves.
Your bite disrupts and absorbs the magic of your enemies.
Potions cannot restore your health.
You are immune to rotting.


Message History

Natasha is lightly wounded.
Natasha claws you but does no damage.
You hit Natasha. You bite Natasha.
Natasha's magic leaks into the air.
You drain her magic.
You feel invigorated.
Natasha is severely wounded.
Natasha mumbles some strange words.
Natasha glows brightly for a moment.
Natasha barely misses you.
You closely miss Natasha.
Natasha is severely wounded.
Natasha falters for a moment.
You closely miss Natasha.
Natasha is severely wounded.
Natasha casts a spell at you. The magic dart hits you!
* * * LOW HITPOINT WARNING * * *
You hit Natasha.
Natasha is almost dead.
Natasha claws you.
You die...

.. # #.##########
##.........#. ##+#
.#.....##.#. ##...#
#..###(##.#. ##.>...##
##.# #.##.## #.......##
##.###.##.##
#........####.........##
#.....h@.'..............
+........####....#######
+.......## ##.#.# #(.
##.....## ###.# #.#
##...# #.# #.# ##+# #.#
#.# #.# #.# #.# #.# ..#
#.#


You could see Natasha.

Vanquished Creatures
  An ooze (D:1)
  2 worms (D:2)
  A dart slug (D:1)
  3 leopard geckos
  A giant cockroach (D:2)
  3 goblins
  4 hobgoblins
  7 jackals (D:1)
  A quokka (D:2)
  2 ball pythons (D:1)
  A bat (D:1)
  A frilled lizard (D:1)
  7 kobolds
  5 rats
39 creatures vanquished.

Notes
Turn   | Place    | Note
-------+----------+-------------------------------------------
     0 | D:1      | vishdafish the Vine Stalker Skald began the quest for the Orb.
     0 | D:1      | Reached XP level 1. HP: 11/11 MP: 4/4
   373 | D:1      | Reached skill level 1 in Armour
   373 | D:1      | Reached XP level 2. HP: 8/15 MP: 1/6
   675 | D:1      | Reached XP level 3. HP: 14/18 MP: 4/7
  2165 | D:2      | Noticed Natasha
  2181 | D:2      | Slain by Natasha

Vault maps used:
D:1:      dpeg_arrival_water_fire, serial_bayou_crossing
D:2:      nicolae_overflow_hidden_temple, grunt_ministairs_3,
          kennysheep_generic_room_7, uniq_natasha

Skill      XL: |  1  2  3 |
---------------+----------+-----
Axes           | 2 |  2.7
Armour         | 1 |  1.4
Fighting       | 2 |  2.2
Dodging        | 2 |  2.1
Spellcasting   | |  2.1
Charms         | |  3.0

Action                   || total
-------------------------++-------
Melee: Hand axe          ||   116
       Bite              ||    25
 Cast: Infusion          ||     6
  Use: Potion            ||     3
 Stab: Invisible         ||     1
       Sleeping          ||     1
  Eat: Chunk             ||     2
       Ration            ||     1
Armor: Leather armour    ||    34
Dodge: Dodged            ||    84

Table legend:
 A = Spawn XP
 B = Non-spawn XP
 C = Spawn XP percentage of total XP
 D = Spawn monster count
 E = Non-spawn monster count
 F = Spawn count percentage of total count
 G = Total turns spent on level
                    A         B        C        D         E        F      G
               +---------+---------+-------+---------+---------+-------+---------
         Total |       0 |      80 |   0.0 |       0 |      39 |   0.0 |  2181
               +---------+---------+-------+---------+---------+-------+---------
           D:1 |       0 |      55 |   0.0 |       0 |      28 |   0.0 |  1398
           D:2 |       0 |      25 |   0.0 |       0 |      11 |   0.0 |   783
               +---------+---------+-------+---------+---------+-------+---------
